Map: Thunderbird LE

Players

Lambo

  • Race: Zerg Zerg
  • League: Master
  • Spawn Location: 11:00

lIIllllIIlll (INnoVation) - Winner!

  • Race: Terran Terran
  • Spawn Location: 5:00

Event: 2019 Assembly Summer

VOD

Have the link to the VOD?

Description

Time

  • Played on: Aug. 1, 2019, 6:15 a.m.
  • Length: 17:18

All games in this series

Show
View Real Time Build Order
Export as new Build Order

Lambo Zerg 

Build Orders: Hatch First 

Get SALT Encoding   

  12  0:00  Drone  
  13  0:12  Overlord  
  13  0:16  Drone  
  14  0:30  Drone x2  
  16  0:47  Hatchery  
  15  0:51  Drone  
  15  0:54  Drone  
  17  0:57  Drone  
  18  1:08  Extractor  
  17  1:12  Spawning Pool  
  17  1:17  Drone  
  17  1:19  Drone  
  18  1:27  Drone  
  19  1:38  Drone  
  20  1:51  Overlord  
  20  1:59  Queen x2  
  20  2:00  Zergling x4  
  26  2:08  Metabolic Boost  
  26  2:10  Drone  
  26  2:11  Drone  
  28  2:25  Drone x2  
  30  2:39  Hatchery, Drone  
  29  2:46  Pneumatized Carapace  
  29  2:49  Drone  
  29  2:51  Drone  
  31  2:57  Overlord  
  31  3:00  Drone  
  31  3:01  Drone  
  31  3:04  Drone  
  34  3:10  Drone  
  35  3:17  Drone  
  35  3:18  Drone x2  
  35  3:19  Overlord  
  38  3:21  Queen  
  38  3:25  Drone  
  41  3:28  Drone  
  42  3:36  Queen  
  42  3:39  Drone x2  
  42  3:40  Drone  
  47  3:44  Drone x2  
  47  3:47  Overlord  
  49  3:50  Drone  
  49  3:51  Drone  
  49  3:52  Queen  
  53  3:57  Drone  
  53  4:01  Drone  
  55  4:03  Drone  
  55  4:05  Queen  
  55  4:07  Evolution Chamber  
  55  4:08  Overlord  
  57  4:10  Drone  
  57  4:12  Drone x2  
  57  4:14  Drone  
  61  4:17  Overlord  
  61  4:21  Drone  
  61  4:23  Drone x2  
  64  4:25  Evolution Chamber  
  64  4:30  Zergling x2  
  64  4:34  Zergling x8  
  64  4:35  Drone  
  64  4:36  Spore Crawler  
  64  4:37  Spore Crawler x2  
  66  4:40  Zerg Ground Armor Level 1  
  66  4:43  Drone  
  66  4:45  Drone x3  
  70  4:48  Drone, Extractor  
  70  4:49  Drone  
  70  4:50  Extractor  
  70  4:52  Zerg Melee Weapons Level 1  
  70  4:53  Drone  
  70  4:54  Drone  
  70  4:56  Drone  
  73  5:04  Overlord  
  73  5:05  Overlord  
  73  5:08  Queen, Extractor x2  
  73  5:17  Zergling x2  
  73  5:27  Drone x3  
  73  5:28  Drone x2  
  73  5:29  Queen  
  73  5:31  Drone x4  
  73  5:33  Drone x3  
  81  5:40  Drone x2  
  81  5:43  Drone  
  81  5:46  Drone, Lair  
  81  5:52  Drone x2  
  83  5:57  Drone, Extractor  
  83  6:00  Baneling Nest  
  83  6:02  Zergling x2  
  83  6:07  Overlord  
  83  6:10  Hatchery, Drone  
  83  6:14  Zergling x4  
  85  6:21  Zergling x10  
  85  6:24  Spore Crawler, Zergling x2  
  88  6:26  Overlord x2  
  88  6:28  Queen x2  
  90  6:33  Overlord  
  90  6:36  Overlord  
  90  6:37  Zergling x2  
  91  6:46  Drone x3, Centrifical Hooks  
  94  6:48  Zerg Ground Armor Level 2, Zerg Melee Weapons Level 2  
  94  6:49  Drone x3  
  94  6:53  Overseer  
  97  6:54  Zergling x12  
  97  6:57  Baneling x3  
  97  7:00  Zergling x2  
  97  7:01  Zergling x4  
  106  7:08  Overlord  
  106  7:11  Baneling x2  
  106  7:12  Zergling x6, Hydralisk Den  
  106  7:14  Zergling x4  
  109  7:22  Drone x3  
  112  7:25  Infestation Pit  
  112  7:26  Drone  
  112  7:31  Drone x3  
  112  7:33  Drone  
  112  7:34  Baneling x2  
  116  7:37  Drone x2  
  116  7:43  Zergling x16  
  126  7:44  Drone  
  126  7:46  Hydralisk, Muscular Augments  
  126  7:50  Baneling x4  
  126  7:51  Hydralisk  
  129  7:56  Hydralisk x6  
  143  8:03  Hydralisk x2  
  143  8:07  Zergling x2  
  137  8:22  Baneling x2  
  137  8:23  Hive  
  137  8:26  Overlord x2  
  137  8:27  Overlord x3  
  136  8:29  Overlord  
  136  8:40  Overlord  
  136  8:41  Hatchery, Overlord  
  133  8:42  Overseer x3  
  133  8:43  Overlord  
  133  8:47  Overlord  
  133  8:49  Zergling x22  
  133  8:51  Extractor  
  133  8:53  Hydralisk x4  
  151  8:55  Baneling x5  
  151  9:03  Queen  
  151  9:04  Drone x2, Zerg Missile Weapons Level 1  
  151  9:05  Drone  
  151  9:07  Hydralisk x6, Zergling x2  
  169  9:11  Overlord  
  169  9:14  Zergling x8  
  168  9:17  Baneling x8  
  168  9:20  Zergling x4  
  168  9:23  Zergling x2  
  163  9:29  Zergling x12  
  161  9:32  Zergling x6  
  161  9:36  Adrenal Glands  
  161  9:37  Zergling x4  
  163  9:39  Ultralisk Cavern  
  163  9:44  Zergling x14  
  168  9:48  Zergling x4  
  168  9:51  Grooved Spines  
  171  9:52  Zergling x2  
  171  9:53  Zergling x2  
  171  9:55  Zerg Ground Armor Level 3  
  171  9:59  Overseer, Baneling x7  
  172  10:01  Zergling x6  
  172  10:03  Baneling x4  
  172  10:04  Zergling x2  
  172  10:08  Zergling x8  
  172  10:13  Zergling x12  
  162  10:17  Zergling x2  
  162  10:20  Zergling x6  
  161  10:27  Chitinous Plating  
  155  10:30  Zergling x16  
  155  10:34  Zergling x4  
  157  10:38  Zergling x6  
  157  10:40  Zergling x4  
  157  10:42  Overseer  
  147  10:45  Baneling x6  
  147  10:47  Viper  
  150  10:51  Zergling x6  
  150  10:54  Baneling x6, Zergling x2  
  148  10:59  Zergling x2  
  148  11:00  Zergling x10  
  148  11:01  Zergling x2  
  148  11:02  Zergling x2  
  146  11:05  Queen  
  146  11:07  Viper  
  146  11:08  Zergling x4  
  146  11:11  Drone x3  
  154  11:14  Baneling x3  
  154  11:15  Overseer  
  154  11:18  Zergling x10  
  159  11:29  Ultralisk  
  165  11:36  Overlord  
  165  11:45  Zergling x4  
  165  11:46  Zergling x6  
  163  11:51  Drone x9  
  155  11:55  Drone  
  168  12:01  Ultralisk x2  
  168  12:04  Zergling x10  
  168  12:05  Zergling x2  
  168  12:07  Baneling x7  
  167  12:13  Zergling x6  
  165  12:16  Zergling x4  
  154  12:24  Zergling x12  
  154  12:28  Zergling x10  
  154  12:29  Baneling x3  
  164  12:32  Zergling x6  
  164  12:33  Baneling  
  164  12:34  Baneling  
  164  12:35  Baneling  
  167  12:37  Zergling x2  
  167  12:38  Zergling x4  
  167  12:43  Drone x2  
  147  12:45  Spore Crawler  
  147  12:49  Ultralisk  
  144  12:55  Zergling x12  
  142  12:59  Zergling x6  
  142  13:04  Zergling x4  
  141  13:07  Zerg Melee Weapons Level 3  
  141  13:09  Viper  
  141  13:11  Drone x2  
  145  13:13  Drone x2  
  145  13:17  Queen  
  149  13:22  Drone x2  
  149  13:23  Drone x2  
  153  13:29  Viper  
  156  13:36  Overlord x3  
  156  13:42  Baneling x7  
  156  13:53  Baneling x3  
  156  13:57  Zergling x26  
  156  14:02  Zergling x8  
  173  14:07  Zergling x6  
  164  14:14  Ultralisk x2  
  164  14:15  Zergling x6  
  179  14:18  Zergling x2  
  179  14:21  Hydralisk  
  180  14:25  Overseer  
  180  14:28  Zergling x4  
  182  14:40  Baneling x35  
  181  14:51  Baneling x9  
  181  14:57  Hydralisk  
  181  15:00  Overlord  
  181  15:23  Hatchery  
  180  15:28  Zergling x8  
  180  15:30  Overlord x3  
  180  15:33  Hatchery  
  184  15:41  Overlord  
  184  15:51  Hatchery  
  184  15:53  Hydralisk x8  
  198  16:11  Hydralisk x12  
  169  16:18  Zergling x4  
  158  16:26  Hydralisk  
  158  16:27  Hydralisk x2  
  158  16:32  Hydralisk  
  161  16:40  Hydralisk x2  
  163  16:58  Zergling x2  
  164  17:05  Hatchery  
Show
View Real Time Build Order
Export as new Build Order

lIIllllIIlll Terran - Winner!

Build Orders: Reaper Expand, Hellion Banshee 

Get SALT Encoding   

  12  0:00  SCV  
  13  0:12  SCV  
  14  0:16  Supply Depot  
  14  0:24  SCV  
  15  0:38  Barracks, SCV  
  16  0:43  Refinery  
  16  0:50  SCV  
  17  1:02  SCV  
  18  1:14  SCV  
  19  1:26  Reaper, Orbital Command  
  20  1:41  Command Center  
  20  1:52  SCV  
  20  1:53  Supply Depot  
  21  1:58  Marine  
  22  2:04  SCV  
  22  2:07  Factory  
  23  2:12  Refinery  
  23  2:16  SCV  
  23  2:20  Barracks Reactor  
  24  2:28  SCV  
  25  2:40  SCV  
  26  2:51  Starport  
  26  2:52  Orbital Command  
  26  2:53  SCV  
  27  3:02  Command Center  
  27  3:06  SCV  
  27  3:09  Barracks Tech Lab  
  28  3:17  Hellion x2  
  32  3:22  SCV x2  
  35  3:34  SCV x2  
  35  3:35  Cloaking Field  
  35  3:36  Banshee  
  35  3:39  Barracks Tech Lab  
  39  3:43  Supply Depot  
  39  3:46  SCV x2  
  41  3:52  Hellion  
  41  3:53  Hellion  
  45  3:59  SCV  
  45  4:02  Stimpack, SCV  
  46  4:09  Marine  
  46  4:11  SCV  
  46  4:14  SCV  
  46  4:15  Orbital Command  
  49  4:19  Banshee  
  49  4:22  Hellion  
  49  4:23  Hellion  
  56  4:24  SCV  
  56  4:26  SCV  
  56  4:27  Marine  
  59  4:35  Supply Depot  
  59  4:37  SCV  
  60  4:39  SCV  
  61  4:47  Marine  
  61  4:48  Orbital Command  
  61  4:49  SCV  
  61  4:50  Barracks  
  61  4:51  SCV  
  64  4:53  Factory Reactor  
  64  4:55  Barracks, Engineering Bay  
  64  4:58  Engineering Bay  
  64  5:02  Supply Depot  
  64  5:03  SCV x2  
  64  5:05  Marine, Refinery  
  64  5:06  Refinery  
  67  5:09  Starport Reactor  
  67  5:15  Supply Depot, SCV x2  
  70  5:21  SCV  
  70  5:22  Marine  
  70  5:27  SCV x2  
  69  5:31  Terran Infantry Armor Level 1, Terran Infantry Weapons Level 1  
  69  5:33  SCV  
  66  5:37  Refinery  
  66  5:39  Marine, SCV x2  
  66  5:40  Marine  
  66  5:45  SCV  
  66  5:49  Factory Reactor  
  67  5:50  Marine  
  67  5:51  SCV  
  67  5:55  SCV  
  67  5:56  Medivac  
  67  5:57  Marine x2, Medivac, SCV  
  74  5:58  Marine  
  74  5:59  Barracks x2  
  74  6:03  SCV  
  79  6:04  Refinery  
  79  6:06  Combat Shield  
  79  6:07  SCV  
  79  6:09  SCV  
  79  6:11  Marine x2  
  82  6:15  Marine x2, SCV  
  82  6:16  Supply Depot x2, Marine  
  87  6:20  Factory  
  87  6:25  Armory, SCV  
  87  6:26  SCV  
  87  6:27  SCV  
  87  6:31  Marine x2  
  92  6:33  Marine  
  92  6:37  Marine x2  
  92  6:38  Widow Mine x2  
  99  6:40  SCV x3  
  99  6:42  Supply Depot  
  99  6:45  Supply Depot, Medivac  
  104  6:47  Medivac  
  104  6:49  Marine, Barracks Reactor  
  104  6:50  Barracks Reactor  
  104  6:52  SCV x2  
  109  6:59  Supply Depot, Missile Turret  
  109  7:03  Marine x4  
  109  7:04  SCV  
  109  7:06  Widow Mine x3  
  109  7:07  Marine  
  118  7:11  Supply Depot  
  118  7:19  Drilling Claws  
  118  7:20  SCV x3  
  121  7:26  Terran Infantry Weapons Level 2, Terran Infantry Armor Level 2  
  121  7:27  Terran Vehicle And Ship Armor Level 1  
  121  7:29  Widow Mine x3  
  127  7:33  Marine x4  
  127  7:34  Marine x2  
  127  7:36  Medivac  
  135  7:39  Medivac  
  134  7:47  Command Center  
  134  7:51  Supply Depot  
  134  7:53  Widow Mine x2  
  134  7:55  Widow Mine  
  134  7:58  Marine  
  141  8:12  Marine x2  
  141  8:13  Medivac x2, Marauder  
  141  8:16  Marine x2  
  141  8:18  Supply Depot  
  141  8:19  Supply Depot  
  149  8:28  Marine x2  
  149  8:29  Widow Mine  
  149  8:33  Supply Depot  
  149  8:34  Supply Depot  
  149  8:38  Marine x2  
  149  8:39  Marine x2, Marauder  
  149  8:40  Marine, Widow Mine x2  
  156  8:43  Medivac x2  
  160  8:51  Widow Mine  
  160  8:53  Marine  
  160  8:54  Marine x2  
  160  8:55  Supply Depot, Concussive Shells  
  165  8:56  Marine x2  
  165  8:57  Supply Depot, Marine  
  165  9:01  Marauder, Widow Mine x2  
  174  9:06  Barracks x2  
  174  9:07  Barracks  
  174  9:12  Medivac x2  
  175  9:19  Planetary Fortress  
  175  9:21  SCV x3  
  175  9:23  Marine x6, Marauder  
  171  9:34  Widow Mine  
  171  9:35  Widow Mine x2  
  171  9:43  Terran Infantry Weapons Level 3, Terran Infantry Armor Level 3  
  170  9:47  Medivac x2  
  170  9:48  Marine x2, Marauder  
  170  9:51  Terran Ship Weapons Level 1  
  170  9:52  Marine  
  171  9:53  Marine  
  171  9:58  SCV x3  
  176  10:04  Widow Mine  
  176  10:10  Marine  
  176  10:11  Marine x2, Barracks Tech Lab x3, Marauder  
  158  10:18  Marine x5  
  158  10:19  Widow Mine  
  158  10:20  Widow Mine  
  162  10:22  Medivac  
  162  10:23  Medivac  
  162  10:25  Widow Mine  
  162  10:28  Marine  
  166  10:29  Marine x2  
  166  10:32  Marauder  
  167  10:36  Marine x3  
  167  10:41  Widow Mine x2  
  165  10:44  Marauder x3  
  165  10:46  Widow Mine  
  173  10:50  Command Center  
  173  10:51  Liberator x2  
  173  10:53  Marine  
  173  10:54  Marauder  
  176  11:01  Marine  
  176  11:02  Marine x3, Widow Mine x2  
  176  11:03  Marine x2  
  168  11:05  Marauder  
  168  11:08  Widow Mine  
  168  11:11  Marine, Marauder  
  180  11:12  Marine  
  180  11:16  Refinery x2  
  182  11:18  SCV  
  182  11:19  SCV x2  
  182  11:24  Widow Mine x2  
  189  11:28  Marauder x3  
  189  11:29  Marine, Widow Mine  
  189  11:30  Marine x2  
  200  11:35  Ghost Academy  
  195  11:49  Liberator x2  
  195  11:50  Marauder x2  
  195  11:51  Marine  
  198  11:55  Widow Mine x2  
  198  11:58  Fusion Core  
  198  11:59  Starport x2  
  200  12:08  Widow Mine  
  196  12:12  Marauder x2  
  183  12:27  Marauder x2  
  187  12:30  Marine x4  
  187  12:34  Marauder x2  
  185  12:38  Widow Mine x3  
  174  12:46  Marine x3  
  174  12:48  Marauder  
  174  12:49  Marauder  
  160  12:55  Marine, Marauder x2  
  160  12:56  Marine x4  
  162  13:00  Widow Mine x3  
  162  13:03  Marine  
  162  13:04  Marine x2  
  162  13:05  Liberator x2  
  157  13:09  Starport Tech Lab  
  157  13:10  Starport Reactor, Marauder x2  
  157  13:11  Neosteel Armor  
  157  13:12  Hi-Sec Auto Tracking, Planetary Fortress, Terran Ship Weapons Level 2  
  161  13:13  Marine, SCV x2  
  161  13:16  Marauder  
  170  13:24  Ghost  
  172  13:27  Marine x3  
  172  13:30  Ghost  
  172  13:31  Ghost  
  179  13:35  SCV x3  
  179  13:37  Ghost, Widow Mine  
  179  13:38  Widow Mine  
  188  13:44  Liberator  
  188  13:45  Marine  
  189  13:50  Missile Turret  
  189  13:51  Liberator  
  189  13:53  Marauder  
  189  13:54  Advanced Ballistics  
  189  13:58  Liberator  
  189  14:00  Marauder x2  
  188  14:05  Liberator, Ghost  
  192  14:14  Ghost  
  197  14:19  Missile Turret, Refinery  
  197  14:20  Liberator, Refinery  
  197  14:23  Command Center  
  200  14:29  Missile Turret  
  200  14:34  Liberator, Missile Turret x2  
  200  14:35  Sensor Tower  
  199  14:44  Missile Turret  
  196  14:47  Missile Turret  
  198  14:55  Missile Turret x2  
  198  15:05  Personal Cloaking  
  198  15:20  Ghost Academy  
  198  15:22  Ghost Academy  
  198  15:23  Ghost Academy  
  198  15:31  Ghost  
  200  15:36  Sensor Tower  
  200  15:37  Barracks  
  200  15:38  Missile Turret  
  200  15:39  Missile Turret  
  200  15:40  Barracks  
  200  15:44  Command Center  
  200  15:46  Command Center  
  200  15:56  Missile Turret  
  198  16:01  Planetary Fortress, Missile Turret  
  198  16:02  Missile Turret  
  197  16:10  Ghost x3  
  190  16:14  Marine x6  
  190  16:16  Liberator x3  
  190  16:17  Liberator  
  190  16:18  Marine, Ghost  
  184  16:19  Marine  
  184  16:20  SCV x3  
  187  16:31  Nuke  
  187  16:32  Marine x6, SCV  
  184  16:38  Missile Turret  
  190  16:55  Missile Turret  
  190  16:58  Missile Turret  
  199  17:17  Ghost Academy x2  
Tags
 
Add a new tag
Caveats
  • Supply blocks, unpowered buildings, or Contaminate may cause inaccurate times.
  • Supply counts are checked every 10 seconds.